BSA
PORTLAND CARDS @ POCATELLO BELLAS
09/05/2029
 
TOP OF THE 1ST
Portland Cards batting - Pitching for Pocatello Bellas : RHP Bob Moss
Pitching: RHP Bob Moss
Batting: RHB Dani Vázquez 0-0: Ball
1-0: Ball
2-0: Swinging Strike
2-1: Ball
3-1: Base on Balls
Batting: RHB António Zúńiga 0-0: Ground out 5-3 (Groundball, 56S)
Dani Vázquez to second
Batting: LHB Jeff Daniels 0-0: Called Strike
0-1: Ball
1-1: Called Strike
1-2: SINGLE (Groundball, 34D)
Dani Vázquez to third
Runner from 3rd tries for Home, SAFE, no throw
Batting: LHB Troy Donaldson 0-0: Ball
Wild Pitch!
Jeff Daniels to second
1-0: Called Strike
1-1: Ball
2-1: Fly out, F7 (Flyball, 7)
Batting: LHB Paul Mullins 0-0: Ground out U3 (Groundball, 3L)
Top of the 1st over - 1 run, 1 hit, 0 errors, 1 left on base; Portland 1 - Pocatello 0
BOTTOM OF THE 1ST
Pocatello Bellas batting - Pitching for Portland Cards : RHP Manuel Fuentes
Pitching: RHP Manuel Fuentes
Batting: LHB Keith Beard 0-0: Foul Ball, location: 2F
0-1: Ball
1-1: Ball
2-1: Foul Ball, location: 2F
2-2: Fly out, F8 (Flyball, 8RD)
Batting: RHB Juan Rodríguez 0-0: Ball
1-0: Ball
2-0: SINGLE (Groundball, 4D)
Batting: SHB Shane Hutchinson 0-0: Foul Ball, location: 2F
0-1: Foul Ball, location: 2F
0-2: Ball
1-2: Ball
2-2: Ball
3-2: SINGLE (Line Drive, 9LS)
Juan Rodríguez to second
Batting: SHB Nick Cox 0-0: Foul Ball, location: 2F
0-1: Foul Ball, location: 2F
0-2: Ball
1-2: Ball
2-2: SINGLE (Flyball, 8LS)
Juan Rodríguez to third
Shane Hutchinson to second
Runner from 3rd tries for Home, SAFE, no throw
Batting: RHB Marlon Phipps 0-0: Ball
1-0: Ball
2-0: Ball
3-0: Base on Balls
Shane Hutchinson to third
Nick Cox to second
Batting: LHB John Peterson 0-0: Called Strike
0-1: Ball
Balk!
Shane Hutchinson scores
Nick Cox to third
Marlon Phipps to second
1-1: Ground out U3 (Groundball, 3)
Batting: RHB Paco Arellano 0-0: Ball
1-0: Called Strike
1-1: SINGLE (Groundball, 56D)
Nick Cox scores
Marlon Phipps to third
Runner from 3rd tries for Home, SAFE, throw made home
Batting: RHB Millard Boyd 0-0: Ball
1-0: Swinging Strike
1-1: Ground out 5-3 (Groundball, 56S)
Bottom of the 1st over - 4 runs, 4 hits, 0 errors, 1 left on base; Portland 1 - Pocatello 4
TOP OF THE 2ND
Portland Cards batting - Pitching for Pocatello Bellas : RHP Bob Moss
Batting: RHB Eugene Gill 0-0: SINGLE (Groundball, 4MD)
Batting: LHB Bill Murphy 0-0: Ball
1-0: Ball
2-0: Called Strike
2-1: Called Strike
2-2: Foul Ball, location: 2F
2-2: SINGLE (Groundball, 4D)
Eugene Gill to second
Runner from 2nd tries for 3rd, SAFE, throw made to third
Batting: LHB Chance Santry 0-0: Called Strike
0-1: Foul Ball, location: 2F
0-2: Ball
1-2: Ball
2-2: Foul Ball, location: 2F
2-2: Fly out, F9 (Flyball, 89M)
Runner from 3rd tags up, SCORES, throw made
Batting: RHB Mario Méndez 0-0: Ball
1-0: Called Strike
1-1: Ball
2-1: SINGLE (Groundball, 6MD)
Bill Murphy to second
Runner from 2nd tries for 3rd, SAFE, no throw
Batting: RHB Dani Vázquez 0-0: Ball
1-0: Foul Ball, location: 2F
1-1: Ball
2-1: Foul Ball, location: 2F
2-2: SINGLE (Groundball, 6MD)
Bill Murphy scores
Mario Méndez to second
Runner from 2nd tries for 3rd, SAFE, no throw
Batting: RHB António Zúńiga 0-0: Called Strike
0-1: Called Strike
0-2: Ball
1-2: SINGLE (Groundball, 4S) (infield hit)
Mario Méndez scores
Dani Vázquez to second
Batting: LHB Jeff Daniels 0-0: DOUBLE (Groundball, 3L)
Dani Vázquez scores
António Zúńiga to third
Runner from 3rd tries for Home, SAFE, no throw
Batting: LHB Troy Donaldson 0-0: Foul Ball, location: 2F
0-1: Ball
1-1: Swinging Strike
1-2: Ball
2-2: Foul Ball, location: 2F
2-2: Strikes out swinging
Batting: LHB Paul Mullins 0-0: Ground out 3-1 (Groundball, 34)
Top of the 2nd over - 5 runs, 6 hits, 0 errors, 1 left on base; Portland 6 - Pocatello 4
BOTTOM OF THE 2ND
Pocatello Bellas batting - Pitching for Portland Cards : RHP Manuel Fuentes
Batting: LHB Keng-chi Lao 0-0: SINGLE (Flyball, 8RS)
Batting: LHB Keith Beard 0-0: Ball
1-0: Called Strike
1-1: Foul Ball, location: 2F
1-2: Foul Ball, location: 2F
1-2: Grounds into double play, 5-4-3 (Groundball, 56)
Batting: RHB Juan Rodríguez 0-0: Ball
1-0: Foul Ball, location: 2F
1-1: Fly out, F5 (Line Drive, 56)
Bottom of the 2nd over - 0 runs, 1 hit, 0 errors, 0 left on base; Portland 6 - Pocatello 4
TOP OF THE 3RD
Portland Cards batting - Pitching for Pocatello Bellas : RHP Bob Moss
Batting: RHB Eugene Gill 0-0: Ball
1-0: Ground out 4-3 (Groundball, 34)
Batting: LHB Bill Murphy 0-0: Ball
1-0: Ground out 4-3 (Groundball, 34D)
Batting: LHB Chance Santry 0-0: Ground out 5-3 (Groundball, 5)
Top of the 3rd over - 0 runs, 0 hits, 0 errors, 0 left on base; Portland 6 - Pocatello 4
BOTTOM OF THE 3RD
Pocatello Bellas batting - Pitching for Portland Cards : RHP Manuel Fuentes
Batting: SHB Shane Hutchinson 0-0: Called Strike
0-1: Ball
1-1: Ball
2-1: Fly out, F6 (Popup, 4M)
Batting: SHB Nick Cox 0-0: Ball
1-0: Ball
2-0: Ball
3-0: Base on Balls
Batting: RHB Marlon Phipps 0-0: Ball
Nick Cox is caught stealing 2nd base
1-0: Swinging Strike
1-1: Foul Ball, location: 2F
1-2: Strikes out swinging
Bottom of the 3rd over - 0 runs, 0 hits, 0 errors, 0 left on base; Portland 6 - Pocatello 4
TOP OF THE 4TH
Portland Cards batting - Pitching for Pocatello Bellas : RHP Bob Moss
Batting: RHB Mario Méndez 0-0: Ball
1-0: Called Strike
1-1: Ground out 4-3 (Groundball, 4)
Batting: RHB Dani Vázquez 0-0: Ball
1-0: Ball
2-0: Called Strike
2-1: Foul Ball, location: 2F
2-2: Ball
3-2: Fly out, F4 (Flyball, 34D)
Batting: RHB António Zúńiga 0-0: Called Strike
0-1: Ball
1-1: Foul Ball, location: 2F
1-2: Ball
2-2: SOLO HOME RUN (Flyball, 9LD), Distance : 363 ft
Batting: LHB Jeff Daniels 0-0: Foul Ball, location: 2F
0-1: Swinging Strike
0-2: Ball
1-2: Hit by Pitch, AND HE CHARGES THE MOUND! The benches clear!
Pitching: RHP Tatsuzo Harada
Pinch Runner at 1st Peter Hensley:
Batting: LHB Troy Donaldson 0-0: Ball
1-0: Swinging Strike
1-1: Foul Ball, location: 2F
1-2: Strikes out swinging
Top of the 4th over - 1 run, 1 hit, 0 errors, 1 left on base; Portland 7 - Pocatello 4
BOTTOM OF THE 4TH
Pocatello Bellas batting - Pitching for Portland Cards : RHP Manuel Fuentes
Batting: LHB John Peterson 0-0: Ball
1-0: Called Strike
1-1: Ball
2-1: Foul Ball, location: 2F
2-2: Strikes out looking
Batting: RHB Paco Arellano 0-0: SINGLE (Line Drive, 8RS)
Batting: RHB Millard Boyd 0-0: Called Strike
0-1: Ball
1-1: Ball
2-1: Fielders Choice at 2nd, 5-4 (Groundball, 56)
Batting: LHB Keng-chi Lao 0-0: Called Strike
0-1: Ground out 4-3 (Groundball, 34)
Bottom of the 4th over - 0 runs, 1 hit, 0 errors, 1 left on base; Portland 7 - Pocatello 4
TOP OF THE 5TH
Portland Cards batting - Pitching for Pocatello Bellas : RHP Tatsuzo Harada
Batting: LHB Paul Mullins 0-0: Ball
1-0: Foul Ball, location: 2F
1-1: SINGLE (Groundball, 34D)
Batting: RHB Eugene Gill 0-0: Ball
1-0: Ball
2-0: SINGLE (Groundball, 34D)
Paul Mullins to second
Runner from 2nd tries for 3rd, SAFE, no throw
Batting: LHB Bill Murphy 0-0: Ball
1-0: Called Strike
1-1: Ball
2-1: Ball
3-1: Swinging Strike
3-2: Strikes out swinging
Batting: LHB Chance Santry 0-0: Ball
Wild Pitch!
Paul Mullins scores
Eugene Gill to second
1-0: Ball
2-0: Foul Ball, location: 2F
2-1: Ball
3-1: Foul Ball, location: 2F
3-2: Strikes out looking
Batting: RHB Mario Méndez 0-0: Ball
1-0: Ball
2-0: SINGLE (Groundball, 6MD)
Eugene Gill to third
Runner from 3rd tries for Home, SAFE, no throw
Batting: RHB Dani Vázquez 0-0: Called Strike
0-1: Ball
1-1: 2-RUN HOME RUN (Line Drive, 78XD), Distance : 404 ft
Batting: RHB António Zúńiga 0-0: Called Strike
0-1: Foul Ball, location: 2F
0-2: Ball
1-2: Strikes out looking
Top of the 5th over - 4 runs, 4 hits, 0 errors, 0 left on base; Portland 11 - Pocatello 4
BOTTOM OF THE 5TH
Pocatello Bellas batting - Pitching for Portland Cards : RHP Manuel Fuentes
Batting: LHB Keith Beard 0-0: Foul Ball, location: 2F
0-1: Ball
1-1: Hit by Pitch
Batting: RHB Juan Rodríguez 0-0: Swinging Strike
0-1: Ball
1-1: Ball
2-1: Grounds into double play, 6-4-3 (Groundball, 6)
Batting: SHB Shane Hutchinson 0-0: Foul Ball, location: 2F
0-1: Ball
1-1: Ball
2-1: Ground out U3 (Groundball, 3)
Bottom of the 5th over - 0 runs, 0 hits, 0 errors, 0 left on base; Portland 11 - Pocatello 4
TOP OF THE 6TH
Portland Cards batting - Pitching for Pocatello Bellas : RHP Tatsuzo Harada
Batting: RHB Peter Hensley 0-0: Ball
1-0: SINGLE (Line Drive, 34D)
Batting: LHB Troy Donaldson 0-0: Called Strike
0-1: Swinging Strike
0-2: Ball
1-2: Strikes out swinging
Batting: LHB Paul Mullins 0-0: Called Strike
0-1: Foul Ball, location: 2F
0-2: Ball
1-2: Fly out, F9 (Flyball, 9S)
Batting: RHB Eugene Gill 0-0: Called Strike
0-1: Called Strike
0-2: Ball
1-2: Strikes out swinging
Top of the 6th over - 0 runs, 1 hit, 0 errors, 1 left on base; Portland 11 - Pocatello 4
BOTTOM OF THE 6TH
Pocatello Bellas batting - Pitching for Portland Cards : RHP Manuel Fuentes
Batting: SHB Nick Cox 0-0: Ball
1-0: Ball
2-0: Swinging Strike
2-1: Foul Ball, location: 2F
2-2: Ball
3-2: Foul Ball, location: 2F
3-2: Base on Balls
Batting: RHB Marlon Phipps 0-0: Fly out, F7 (Flyball, 7LD)
Batting: LHB John Peterson 0-0: Foul Ball, location: 2F
0-1: Swinging Strike
0-2: Foul Ball, location: 2F
0-2: Ground out U3 (Groundball, 34S)
Nick Cox to second
Batting: RHB Paco Arellano 0-0: Swinging Strike
0-1: Swinging Strike
0-2: Ball
1-2: Ground out 5-3 (Groundball, 56S)
Bottom of the 6th over - 0 runs, 0 hits, 0 errors, 1 left on base; Portland 11 - Pocatello 4
TOP OF THE 7TH
Portland Cards batting - Pitching for Pocatello Bellas : RHP Tatsuzo Harada
Batting: LHB Bill Murphy 0-0: Ball
1-0: Foul Ball, location: 2F
1-1: SINGLE (Flyball, 8RS)
Batting: LHB Chance Santry 0-0: Ball
1-0: Ball
2-0: SINGLE (Line Drive, 6MD)
Bill Murphy to second
Batting: RHB Mario Méndez 0-0: Swinging Strike
0-1: Swinging Strike
0-2: Ball
1-2: Strikes out looking
Pitching: RHP José Salinas
Batting: RHB Dani Vázquez 0-0: Ball
1-0: Foul Ball, location: 2F
1-1: Ball
2-1: Ball
3-1: Foul Ball, location: 2F
3-2: Foul Ball, location: 2F
3-2: Fly out, F8 (Line Drive, 8LM)
Runner from 2nd tags up, SAFE at 3rd with throw
Batting: RHB António Zúńiga 0-0: Ball
1-0: Foul Ball, location: 2F
1-1: Ball
2-1: Foul Ball, location: 2F
2-2: Ball
3-2: Fly out, F9 (Flyball, 9LMF)
Top of the 7th over - 0 runs, 2 hits, 0 errors, 2 left on base; Portland 11 - Pocatello 4
BOTTOM OF THE 7TH
Pocatello Bellas batting - Pitching for Portland Cards : RHP Manuel Fuentes
Batting: RHB Millard Boyd 0-0: Ground out 5-3 (Groundball, 56)
Batting: LHB Keng-chi Lao 0-0: Ground out 1-3 (Groundball, 13)
Batting: LHB Keith Beard 0-0: Ball
1-0: Foul Ball, location: 2F
1-1: Foul Ball, location: 2F
1-2: Ball
2-2: SINGLE (Groundball, 34D)
Batting: RHB Juan Rodríguez 0-0: Ball
1-0: Ball
2-0: Called Strike
2-1: Swinging Strike
2-2: Foul Ball, location: 2F
2-2: Ball
3-2: Strikes out swinging
Bottom of the 7th over - 0 runs, 1 hit, 0 errors, 1 left on base; Portland 11 - Pocatello 4
TOP OF THE 8TH
Portland Cards batting - Pitching for Pocatello Bellas : RHP José Salinas
Batting: RHB Peter Hensley 0-0: SINGLE (Line Drive, 9LM)
Batting: LHB Troy Donaldson 0-0: Ball
1-0: Called Strike
1-1: Foul Ball, location: 2F
1-2: Fly out, F9 (Flyball, 9)
Batting: LHB Paul Mullins 0-0: Called Strike
0-1: SINGLE (Groundball, 4MD)
Peter Hensley to second
Runner from 2nd tries for 3rd, SAFE, no throw
Batting: RHB Eugene Gill 0-0: Called Strike
0-1: Ground out U3 (Groundball, 34S)
Peter Hensley scores
Paul Mullins to second
Batting: LHB Bill Murphy 0-0: Ball
1-0: Swinging Strike
1-1: Foul Ball, location: 2F
1-2: Ground out 5-3 (Groundball, 5)
Top of the 8th over - 1 run, 2 hits, 0 errors, 1 left on base; Portland 12 - Pocatello 4
BOTTOM OF THE 8TH
Pocatello Bellas batting - Pitching for Portland Cards : RHP Manuel Fuentes
Pitching: RHP Butch Ramey
Batting: SHB Shane Hutchinson 0-0: Ball
1-0: Called Strike
1-1: Ball
2-1: Ball
3-1: Foul Ball, location: 2F
3-2: SINGLE (Flyball, 8LS)
Batting: SHB Nick Cox 0-0: Called Strike
0-1: Called Strike
0-2: Ball
1-2: Strikes out swinging
Batting: RHB Marlon Phipps 0-0: Ball
1-0: Ball
2-0: Swinging Strike
2-1: DOUBLE (Line Drive, 9LM)
Shane Hutchinson to third
Runner from 3rd tries for Home, SAFE, no throw
Batting: LHB John Peterson 0-0: Ball
1-0: Ball
2-0: Ground out 1-3 (Groundball, 13S)
Marlon Phipps to third
Batting: RHB Paco Arellano 0-0: Ball
1-0: Called Strike
1-1: 2-RUN HOME RUN (Flyball, 7D), Distance : 373 ft
Batting: RHB Millard Boyd 0-0: Called Strike
0-1: Ball
1-1: Foul Ball, location: 2F
1-2: Ball
2-2: Ball
3-2: Strikes out looking
Bottom of the 8th over - 3 runs, 3 hits, 0 errors, 0 left on base; Portland 12 - Pocatello 7
TOP OF THE 9TH
Portland Cards batting - Pitching for Pocatello Bellas : RHP José Salinas
Batting: LHB Chance Santry 0-0: Ball
1-0: SOLO HOME RUN (Line Drive, 9LD), Distance : 377 ft
Batting: RHB Mario Méndez 0-0: Fly out, F9 (Flyball, 9LS)
Batting: RHB Dani Vázquez 0-0: Called Strike
0-1: SINGLE (Line Drive, 78S)
Batting: RHB António Zúńiga 0-0: Ball
1-0: Ball
2-0: Swinging Strike
2-1: Ball
3-1: Foul Ball, location: 2F
3-2: Foul Ball, location: 2F
3-2: Strikes out looking
Batting: RHB Peter Hensley 0-0: Called Strike
0-1: Ball
1-1: Ground out U3 (Groundball, 34)
Top of the 9th over - 1 run, 2 hits, 0 errors, 1 left on base; Portland 13 - Pocatello 7
BOTTOM OF THE 9TH
Pocatello Bellas batting - Pitching for Portland Cards : RHP Butch Ramey
Batting: LHB Keng-chi Lao 0-0: Ball
1-0: Called Strike
1-1: Ball
2-1: Ground out 4-3 (Groundball, 4)
Batting: LHB Keith Beard 0-0: Ball
1-0: Called Strike
1-1: Ball
2-1: Ground out 3-1 (Groundball, 34S)
Batting: RHB Juan Rodríguez 0-0: Foul Ball, location: 2F
0-1: Foul Ball, location: 2F
0-2: Ball
1-2: SINGLE (Groundball, 4MD)
Batting: SHB Shane Hutchinson 0-0: Foul Ball, location: 2F
0-1: Foul Ball, location: 2F
0-2: Ball
1-2: Ground out 4-3 (Groundball, 34D)
Bottom of the 9th over - 0 runs, 1 hit, 0 errors, 1 left on base; Portland 13 - Pocatello 7
Saturday, December 16th, 2017 - OOTP Baseball 18.8 Build 76